 Dungeon Crawl Stone Soup version 0.31-a0-237-g2d982f9f85 (webtiles) character file.

Game seed: 14891865705436164412

140 qw the Shooter (level 5, 0/30 HPs)
             Began as a Gargoyle Hexslinger on July 11, 2023.
             Slain by an orc wizard
             ... wielding a +1 dagger of freezing
              (2 damage)
             ... on level 3 of the Dungeon.
             The game lasted 00:00:50 (1417 turns).

qw the Shooter (Gargoyle Hexslinger)                Turns: 1417, Time: 00:00:51

Health: 0/30       AC: 11    Str: 18    XL:     5   Next: 23%
Magic:  0/6        EV: 11    Int: 13    God:
Gold:   195        SH:  0    Dex: 14    Spells: 5/6 levels left

rFire   . . .        Y - +1 sling
rCold   . . .        (no shield)
rNeg    + . .        a - +0 ring mail
rPois   inf          f - +0 helmet
rElec   +            (no cloak)
rCorr   .            (no gloves)
SInv    .            (no boots)
Will    .....        m - amulet of guardian spirit
Stlth   +            d - +6 ring of strength
HPRegen 0.25/turn    (no ring)
MPRegen 0.10/turn

%: guardian spirit
@: no status effects
A: sickness immunity, AC +4, negative energy resistance 1, electricity
resistance, torment resistance 1, petrification resistance, shaggy fur 1
a: no special abilities


You were on level 3 of the Dungeon.
You visited 1 branch of the dungeon, and saw 3 of its levels.

You collected 195 gold pieces.


Innate Abilities, Weirdness & Mutations

You are immune to sickness and miasma.
Your stone body is resilient. (AC +4)
You are immune to poison.
You resist negative energy. (rN+)
You are resistant to electric shocks. (rElec)
You are resistant to unholy torment.
You are immune to petrification.
You are covered in fur. (AC +1)


   Skills:
 - Level 2.0 Fighting
 + Level 4.5 Ranged Weapons
 - Level 1.8 Armour
 - Level 1.5 Dodging
 - Level 1.0 Spellcasting
 - Level 2.6 Hexes


You had 5 spell levels left.
You knew the following spells:

 Your Spells              Type           Power      Damage    Failure   Level
a - Slow                  Hex            28%        N/A       16%         1

Your spell library contained the following spells:

 Spells                   Type           Power      Damage    Failure   Level
 Inner Flame              Hex/Fire       4%         N/A       63%         3
 Portal Projectile        Hex/Tloc       8%         N/A       63%         3
 Cause Fear               Hex            3%         N/A       85%         4

Inventory:

Hand Weapons
 Y - a +1 sling (weapon)
Armour
 a - a +0 ring mail (worn)
 f - a +0 helmet (worn)
Jewellery
 d - a +6 ring of strength (left hand)
 m - an amulet of guardian spirit (around neck)
Potions
 b - a potion of cancellation {unknown}
 e - a potion of might {unknown}
 h - a potion of mutation
 k - a potion of heal wounds {unknown}

Dungeon Overview and Level Annotations

Branches:
Dungeon (3/15)

Altars:

Shops:
D:1 ==


Message History

The jackal bites you but does no damage.
The jackal barely misses you. x2; Something hits you but does no damage.
The jackal bites you but does no damage.
The jackal barely misses you. The jackal closely misses you.
Something hits you but does no damage.
You feel less confused.
The jackal bites you but does no damage.
The jackal barely misses you. x2; Something hits you but does no damage.
You shoot a sling bullet.
The sling bullet completely misses the jackal.
The jackal bites you.
The jackal bites you but does no damage.
The jackal bites you. Something hits you but does no damage.
The jackal bites you but does no damage.
You shoot a sling bullet.
The sling bullet closely misses the jackal.
The jackal bites you but does no damage.
The jackal closely misses you. Something hits you but does no damage.
The jackal bites you but does no damage.
You shoot a sling bullet.
The sling bullet closely misses the jackal.
The jackal bites you but does no damage.
The jackal bites you.
You hear some strange, mumbled words.
A magic dart appears from out of thin air!
The magic dart hits you!
The jackal bites you but does no damage.
You shoot a sling bullet.
The sling bullet hits the jackal but does no damage.
The jackal is moderately wounded.
The jackal closely misses you. The jackal barely misses you.
Something hits you but does no damage. The jackal misses you.
The jackal barely misses you. Something hits you but does no damage.
You shoot a sling bullet. The sling bullet hits the jackal.
The jackal is severely wounded.
The jackal bites you but does no damage.
The jackal closely misses you.
The jackal bites you but does no damage.
Something hits you. Something freezes you.
You die...

.## ..# #.# #.#
#. #.# #. #.# #..
#.########.###
#..
#...##{hhh....
###... ###..#@#
......###=...h#
..........###...#
.......<.##
#.....#
...#....##
#.###...
......#.. #.# #.
...#.###.. ..#
..... #.# .##
.... ..


You could see 4 jackals.

Vanquished Creatures
  An orc priest (D:2)
  6 adders
  A worm (D:2)
  2 dart slugs (D:1)
  9 orcs
  4 ball pythons
  2 endoplasms
  2 goblins (D:2)
  A hobgoblin (D:1)
  3 jackals (D:1)
  A quokka (D:1)
  2 bats
  4 frilled lizards
  4 kobolds
  4 rats (D:1)
46 creatures vanquished.

Notes
Turn   | Place    | Note
-------+----------+-------------------------------------------
     0 | D:1      | qw the Gargoyle Hexslinger began the quest for the Orb.
     0 | D:1      | Reached XP level 1. HP: 12/12 MP: 2/2
     0 | D:1      | 0 ||| qw: Version: 0.3-a-52-g30416fa
     0 | D:1      | 0 ||| qw: Game counter: 5698
     0 | D:1      | 0 ||| qw: Melee chars always use a shield: true
     0 | D:1      | 0 ||| qw: God list: Okawaru
     0 | D:1      | 0 ||| qw: Allow faded altars: false
     0 | D:1      | 0 ||| qw: Do Orc after clearing Dungeon:15 true
     0 | D:1      | 0 ||| qw: Do second Lair branch before Depths: true
     0 | D:1      | 0 ||| qw: Lair rune preference: random
     0 | D:1      | 0 ||| qw: Goals: Normal
     0 | D:1      | 0 ||| PLANNING D:1-11
    29 | D:1      | Found a faded altar of an unknown god.
   141 | D:1      | Reached XP level 2. HP: 9/16 MP: 3/3
   303 | D:1      | Reached skill level 3 in Ranged Weapons
   327 | D:1      | Found Xostryib's Jewellery Emporium.
   337 | D:1      | 337 ||| SHOPLISTING amulet of Uddouq {rF+ Regen+ Str+9
                  | Int-2} (763 gold, have 53).
   337 | D:1      | 337 ||| SHOPLISTING amulet of reflection (390 gold, have
                  | 53).
   337 | D:1      | 337 ||| SHOPLISTING ring "Xil Nyu" {rPois rC+} (442 gold,
                  | have 53).
   337 | D:1      | 337 ||| SHOPLISTING ring of Yfaran {AC+4 Int+4 Dex+4
                  | Slay-4} (559 gold, have 53).
   337 | D:1      | 337 ||| SHOPLISTING ring of resist corrosion (260 gold,
                  | have 53).
   337 | D:1      | 337 ||| SHOPLISTING ring of willpower (325 gold, have 53).
   509 | D:1      | Found Antoepei's Jewellery Shop.
   541 | D:1      | 541 ||| SHOPLISTING +4 ring of protection (432 gold, have
                  | 102).
   541 | D:1      | 541 ||| SHOPLISTING amulet of reflection (360 gold, have
                  | 102).
   651 | D:1      | Reached XP level 3. HP: 21/21 MP: 4/4
   662 | D:1      | 662 ||| UPGRADING to +0 helmet.
   667 | D:1      | 667 ||| UPGRADING to amulet of guardian spirit.
   672 | D:1      | 672 ||| UPGRADING to +6 ring of strength.
   673 | D:1      | 673 ||| DROPPING ring of wizardry.
   674 | D:1      | 674 ||| READING scroll labelled DINNUUN NOIL.
   675 | D:1      | 675 ||| READING scroll labelled PAIBBI DUFEO.
   676 | D:1      | 676 ||| READING scroll labelled ZECUKL GEUV.
   692 | D:1      | 692 ||| READING scroll labelled SASYCS MAOMIA.
   693 | D:1      | 693 ||| DRINKING 2 fuming pink potions.
   693 | D:1      | Gained mutation: You are covered in fur. (AC +1) [potion of
                  | mutation]
   694 | D:1      | 694 ||| DROPPING scroll of poison.
   861 | D:2      | 861 ||| UPGRADING to +0 ring mail.
   864 | D:2      | 864 ||| UPGRADING to +0 ring mail.
   866 | D:2      | 866 ||| UPGRADING to +0 ring mail.
   869 | D:2      | 869 ||| UPGRADING to +0 ring mail.
   879 | D:2      | 879 ||| DROPPING +0 robe.
   921 | D:2      | Reached XP level 4. HP: 16/26 MP: 3/5
   933 | D:2      | Reached skill level 4 in Ranged Weapons
   948 | D:2      | 948 ||| FLEEEEING.
   968 | D:2      | Reached skill level 1 in Armour
  1248 | D:2      | Reached XP level 5. HP: 23/30 MP: 4/6
  1315 | D:2      | 1315 ||| READING scroll labelled OXZEN ILUCLEU.
  1318 | D:2      | 1318 ||| DRINKING 2 bubbling black potions.
  1349 | D:2      | 1349 ||| DROPPING potion of lignification.
  1415 | D:3      | HP: 4/30 [something/magic dart (6)]
  1417 | D:3      | Slain by an orc wizard

Levels and vault maps discovered:
D:1:      lightli_iron_boxes, layout_basic, serial_shops,
          nicolae_shop_temple_entry_statues_fountains, shop,
          hellmonk_ecumenical_altar_lost_god, serial_bayou_pond_d
D:2:      cheibrodos_pilgrimage, layout_rooms
D:3:      layout_rooms, gammafunk_temple_overflow_elements

Skill      XL: |  1  2  3  4 |
---------------+-------------+-----
Ranged Weapons | 3 4 |  4.5
Fighting       | 2 |  2.0
Armour         | 1 |  1.8
Dodging        | |  1.5
Spellcasting   | |  1.0
Hexes          | |  2.6

Action                     |  1- 3 |  4- 6 || total
---------------------------+-------+-------++-------
   Fire: Sling             |   121 |    85 ||   206
    Use: Scroll            |     4 |     1 ||     5
         Potion            |     1 |     1 ||     2
 Armour: Robe              |    26 |       ||    26
         Ring mail         |     4 |    51 ||    55
  Dodge: Dodged            |    50 |    43 ||    93

Table legend:
 A = Non-vault XP
 B = Vault XP
 C = Vault XP percentage of total XP
 D = Non-vault monster count
 E = Vault monster count
 F = Vault count percentage of total count
                 A         B        C        D         E       F
            +---------+---------+-------+---------+---------+-------
      Total |     143 |      58 |  28.9 |      40 |       6 |  13.0
            +---------+---------+-------+---------+---------+-------
        D:1 |      35 |       0 |   0.0 |      20 |       0 |   0.0
        D:2 |      83 |      58 |  41.1 |      15 |       6 |  28.6
        D:3 |      25 |       0 |   0.0 |       5 |       0 |   0.0
            +---------+---------+-------+---------+---------+-------
